 Dungeon Sprint DCSS version 0.23.2-1-ga50397a6bc (webtiles) character file.

Game seed: 753533437796527597

620 Kobolds4U the Unseen (level 7, 0/33 HPs)
             Began as a Spriggan Assassin on May 28, 2019.
             Was an Initiate of Okawaru.
             Slain by a quasit (2 damage)
             ... summoned by a kobold demonologist
             ... while paralysed by a floating eye
             ... in the Dungeon (Sprint I: "Red Sonja").
             The game lasted 00:02:35 (502 turns).

Kobolds4U the Unseen (Spriggan Assassin)             Turns: 502, Time: 00:02:36

Health: 0/33       AC:  3    Str:  7      XL:     7   Next: 22%
Magic:  8/8        EV:  4    Int: 13      God:    Okawaru [......]
Gold:   420        SH:  0    Dex: 15 (19) Spells: 6/6 levels left

rFire    . . .     SeeInvis +   a - +2 dagger
rCold    . . .     Gourm    .   (shield restricted)
rNeg     . . .     Faith    .   c - +0 robe
rPois    .         Spirit   .   (helmet restricted)
rElec    .         Reflect  .   d - +0 cloak
rCorr    .         Harm     .   (gloves unavailable)
MR       +....     NoTele   +   (boots unavailable)
Stlth    +++++++...             (no amulet)
HPRegen  0.11/turn              (no ring)
MPRegen  0.11/turn              (no ring)

@: paralysed, very slightly contaminated, very quick
A: very small, unfitting armour, see invisible, herbivore, speed 3, slow
metabolism 2
a: Renounce Religion


You were in the Dungeon.
You worshipped Okawaru.
Okawaru was noncommittal.
You were not hungry.

You visited 1 branch You collected 420 gold pieces.

Inventory:

Hand Weapons
 a - a +2 dagger (weapon)
 b - a +0 blowgun
Missiles
 e - 8 poisoned needles
 f - 2 curare-tipped needles
Armour
 c - a +0 robe (worn)
 d - a +0 cloak (worn)
Potions
 h - a potion of curing
 i - a potion of heal wounds
 j - a potion of haste
 k - 2 potions of magic
 l - a potion of berserk rage
Comestibles
 g - a ration


   Skills:
 - Level 1.5 Fighting
 - Level 2.1 Short Blades
 - Level 2.0 Throwing
 + Level 10.4 Dodging
 * Level 19.9 Stealth


You had 6 spell levels left.
You didn't know any spells.
Your spell library was empty.

Dungeon Overview and Level Annotations

Branches:
Dungeon (1/1)

Altars:
Cheibriados
Dithmenos
Elyvilon
Fedhas
Gozag
Hepliaklqana
Kikubaaqudgha
Makhleb
Nemelex Xobeh
Okawaru
Qazlal
Ru
Sif Muna
Trog
Uskayaw
Vehumet
Wu Jian
Xom
Yredelemnul
Zin
The Shining One
Jiyva
Lugonu

Shops:
D (


Innate Abilities, Weirdness & Mutations

You are very small and have problems with some larger weapons.
You are too small for most types of armour.
You have supernaturally acute eyesight. (SInv)
You are a herbivore.
You cover ground extremely quickly.
You need to consume almost no food.


Message History

As you read the scroll of blinking, it crumbles to dust.
The kobold demonologist casts a cantrip, but nothing happens.
There is an open door here.
You close the door.
A quasit opens the door.
The floating eye's view fixates on you.
The white imp shouts, "Give up, thou baffled hell-hated snackling!"
You closely miss the quasit.
The quasit is moderately wounded.
The quasit completely misses you. The quasit misses you. x2
You hit the quasit.
The quasit is heavily wounded.
The quasit misses you. x3
The floating eye gazes piercingly through you!
You suddenly lose the ability to move!
The quasit bites you.
* * * LOW HITPOINT WARNING * * *
You feel clumsy.
The quasit claws you but does no damage.
The quasit claws you.
You die...

#########################
<.#.))..#..'†.#__#5.5.K.#
..'..#.)'..#..'.@5G5#§..#
..#####'#####'#__####K55+
..####..#...#)#### #####
..#__####..##.#
..#_____##'#_.+
⌠⌠#_.∩...'..._#
###_..__##_.#'#
#_____###+#)# ####### ###


You could see a kobold demonologist, a floating eye, an iron imp, 2 quasits and
a white imp.

Vanquished Creatures
  A slime creature (D)
  Sigmund (D)
  A yak (D)
  An ogre (D)
  A jelly (D)
  Ijyb (D)
6 creatures vanquished.

Notes
Turn   | Place    | Note
-------+----------+-------------------------------------------
     0 | D        | Kobolds4U the Spriggan Assassin began the quest for the
                  | Orb.
     0 | D        | Reached XP level 1. HP: 10/10 MP: 2/2
     1 | D        | Noticed Ijyb
     4 | D        | Killed Ijyb
     4 | D        | Reached skill level 10 in Stealth
     4 | D        | Reached XP level 2. HP: 14/14 MP: 3/3
     6 | D        | Noticed an ogre
     9 | D        | Killed an ogre
     9 | D        | Reached skill level 14 in Stealth
     9 | D        | Reached XP level 3. HP: 18/18 MP: 4/4
     9 | D        | Reached XP level 4. HP: 22/22 MP: 5/5
    19 | D        | Noticed Sigmund
    39 | D        | Killed Sigmund
    39 | D        | Reached skill level 17 in Stealth
    39 | D        | Reached XP level 5. HP: 13/25 MP: 6/6
   198 | D        | Found an ornate altar of the Wu Jian Council.
   198 | D        | Found a deep blue altar of Sif Muna.
   200 | D        | Found a radiant altar of Vehumet.
   209 | D        | Reached XP level 6. HP: 11/30 MP: 7/7
   404 | D        | Found Xoug's Weapon Emporium.
   404 | D        | Found an ancient bone altar of Kikubaaqudgha.
   404 | D        | Found a hazy altar of Hepliaklqana.
   404 | D        | Found a stormy altar of Qazlal.
   404 | D        | Found a hide-covered altar of Uskayaw.
   404 | D        | Found a blossoming altar of Fedhas.
   404 | D        | Found a bloodstained altar of Trog.
   404 | D        | Found an iron altar of Okawaru.
   404 | D        | Found a basalt altar of Yredelemnul.
   404 | D        | Found a glowing golden altar of the Shining One.
   404 | D        | Found a snail-covered altar of Cheibriados.
   404 | D        | Found a sacrificial altar of Ru.
   404 | D        | Found a glowing silver altar of Zin.
   404 | D        | Found a shadowy altar of Dithmenos.
   404 | D        | Found a white marble altar of Elyvilon.
   404 | D        | Noticed a yak
   405 | D        | Found an opulent altar of Gozag.
   428 | D        | Killed a yak
   428 | D        | Reached skill level 18 in Stealth
   443 | D        | Found a sparkling altar of Nemelex Xobeh.
   448 | D        | Became a worshipper of Warmaster Okawaru
   464 | D        | Found a burning altar of Makhleb.
   464 | D        | Found a viscous altar of Jiyva.
   464 | D        | Found a shimmering altar of Xom.
   464 | D        | Found a corrupted altar of Lugonu.
   464 | D        | Noticed a slime creature
   467 | D        | Killed a slime creature
   467 | D        | Reached skill level 10 in Dodging
   467 | D        | Reached skill level 19 in Stealth
   467 | D        | Reached XP level 7. HP: 33/33 MP: 8/8
   479 | D        | Noticed a kobold demonologist
   480 | D        | Noticed a kobold demonologist
   482 | D        | Paralysed by a floating eye for 3 turns
   492 | D        | Paralysed by a floating eye for 2 turns
   501 | D        | Paralysed by a floating eye for 4 turns
   502 | D        | Slain by a quasit

Skill      XL: |  1  2  3  4  5  6 |
---------------+-------------------+-----
Stealth        | 10 14 17 19 | 19.9
Dodging        | 6 7 10 | 10.4
Fighting       | |  1.5
Short Blades   | |  2.1
Throwing       | |  2.0

Action                   |  1- 3 |  4- 6 |  7- 9 || total
-------------------------+-------+-------+-------++-------
Melee: Dagger            |     2 |    10 |    11 ||    23
 Fire: Blowgun           |       |     7 |       ||     7
  Use: Scroll            |       |       |     1 ||     1
 Stab: Sleeping          |     2 |     1 |       ||     3
Armor: Robe              |       |     1 |    11 ||    12
Dodge: Dodged            |       |     7 |    53 ||    60
